Map: [ESL] Berlingrad

Players

Maru

  • Race: Terran Terran

Reynor - Winner!

  • Race: Zerg Zerg

Event: IEM Katowice 2022

VOD

Have the link to the VOD?

Description

Time

  • Played on: Feb. 25, 2022, 2:08 p.m.
  • Length: 24:47

All games in this series

Show
View Real Time Build Order
Export as new Build Order

Maru Terran 

Build Orders: Mech 

Get SALT Encoding   

  12  0:00  SCV  
  13  0:12  SCV  
  14  0:17  Supply Depot  
  14  0:24  SCV  
  15  0:38  SCV  
  15  0:39  Barracks  
  16  0:43  Refinery  
  16  0:51  SCV  
  17  1:03  SCV  
  18  1:15  SCV  
  19  1:26  Marine  
  19  1:27  Orbital Command  
  20  1:38  Command Center  
  20  1:49  Factory  
  20  1:52  SCV  
  21  2:02  Barracks Reactor  
  21  2:04  SCV  
  21  2:07  Supply Depot  
  22  2:09  Refinery  
  22  2:16  SCV  
  23  2:29  SCV  
  24  2:33  Hellion  
  26  2:38  Starport  
  26  2:39  Marine x2  
  26  2:41  SCV  
  29  2:52  Orbital Command  
  29  2:53  SCV  
  29  2:57  Hellion  
  32  3:01  Marine x2  
  34  3:05  SCV  
  35  3:13  Supply Depot  
  35  3:14  Medivac  
  35  3:19  SCV, Marine x2  
  40  3:21  SCV  
  41  3:28  Fusion Core  
  41  3:31  SCV  
  41  3:33  SCV  
  43  3:36  Supply Depot  
  43  3:44  SCV  
  43  3:46  Starport Tech Lab  
  43  3:48  Hellion x2  
  48  3:50  SCV  
  48  3:55  Marine  
  49  3:56  SCV  
  49  4:00  Supply Depot  
  49  4:02  SCV  
  52  4:08  SCV  
  53  4:14  SCV  
  54  4:19  Command Center  
  54  4:20  SCV  
  55  4:26  SCV  
  56  4:32  SCV  
  56  4:35  Battlecruiser  
  63  4:38  SCV  
  63  4:40  Supply Depot  
  63  4:44  SCV  
  65  4:49  Hellion x2  
  65  4:50  SCV  
  65  4:52  Refinery  
  70  4:53  Refinery  
  70  4:58  Supply Depot  
  70  5:02  SCV  
  70  5:03  SCV  
  72  5:13  Factory  
  72  5:14  SCV, Factory  
  71  5:15  SCV  
  71  5:18  Hellion  
  73  5:26  SCV  
  73  5:27  SCV  
  75  5:30  Hellion  
  75  5:31  Orbital Command  
  77  5:38  SCV  
  77  5:39  SCV  
  77  5:40  Hellion  
  81  5:46  Armory x2  
  81  5:50  SCV  
  82  5:57  Supply Depot  
  82  5:58  Orbital Command  
  82  6:02  SCV, Battlecruiser  
  82  6:03  SCV  
  90  6:15  SCV x2  
  90  6:16  Refinery, Engineering Bay  
  92  6:19  Refinery  
  92  6:23  Factory Tech Lab x2  
  92  6:25  SCV  
  93  6:27  SCV  
  93  6:28  SCV  
  93  6:37  SCV  
  93  6:39  SCV  
  91  6:40  SCV  
  91  6:44  Siege Tank x2  
  91  6:45  Hellion x2  
  98  6:49  SCV  
  98  6:51  SCV  
  98  6:52  SCV  
  99  7:01  SCV, Terran Vehicle Weapons Level 1, Terran Vehicle And Ship Armor Level 1  
  100  7:03  SCV  
  100  7:04  SCV  
  102  7:13  SCV  
  102  7:14  Supply Depot x2, Weapon Refit  
  102  7:15  SCV  
  104  7:16  SCV  
  105  7:25  SCV  
  105  7:27  SCV  
  105  7:28  SCV  
  108  7:32  Command Center  
  107  7:37  SCV  
  107  7:39  Hellion, Siege Tank x2  
  107  7:42  Missile Turret, SCV  
  117  7:44  Missile Turret  
  117  7:46  Battlecruiser  
  117  7:51  SCV  
  124  7:53  Supply Depot  
  124  7:54  Factory  
  124  7:55  SCV  
  123  7:59  SCV  
  116  8:10  SCV x2  
  116  8:11  SCV  
  115  8:13  Missile Turret, Siege Tank x2  
  115  8:14  Hellion x2, Factory  
  125  8:23  Command Center  
  125  8:27  SCV x2  
  127  8:38  Infernal Pre-Igniter, Factory Tech Lab  
  127  8:40  Hellion x2  
  131  8:44  SCV x2  
  131  8:45  Siege Tank, Sensor Tower  
  131  8:46  Siege Tank  
  139  8:49  SCV  
  140  8:56  SCV x2, Missile Turret  
  140  8:59  Terran Vehicle Weapons Level 2  
  142  9:03  Refinery  
  142  9:04  Missile Turret  
  142  9:07  Supply Depot  
  142  9:08  Siege Tank  
  142  9:09  Supply Depot x2  
  145  9:13  Supply Depot, SCV x3  
  145  9:14  Refinery, Planetary Fortress  
  148  9:18  Missile Turret  
  148  9:20  Factory Reactor  
  148  9:23  Missile Turret  
  148  9:29  Hellion  
  148  9:30  Sensor Tower  
  148  9:31  Terran Vehicle And Ship Armor Level 2  
  150  9:34  Hellion x2  
  150  9:36  SCV x2  
  154  9:41  Siege Tank  
  157  9:47  Missile Turret  
  157  9:49  Missile Turret  
  157  9:50  Missile Turret  
  157  10:09  Ghost Academy, Siege Tank x2  
  157  10:10  Barracks x3, Hellion x2  
  157  10:11  Refinery x2  
  157  10:13  Planetary Fortress, Siege Tank  
  168  10:19  Barracks Tech Lab  
  168  10:21  SCV x2  
  168  10:23  SCV  
  171  10:31  Hellion  
  171  10:32  Hellion x2  
  177  10:36  Engineering Bay  
  177  10:38  Terran Infantry Armor Level 1  
  177  10:41  Siege Tank  
  180  10:47  Raven  
  180  10:48  Personal Cloaking  
  182  10:58  Command Center  
  182  11:03  Barracks Tech Lab x2  
  182  11:04  Barracks Tech Lab  
  182  11:06  Command Center  
  182  11:11  Ghost  
  182  11:14  Terran Infantry Weapons Level 1  
  178  11:21  Ghost  
  178  11:22  Ghost  
  174  11:26  Hellion  
  174  11:27  Hellion x3  
  174  11:31  Terran Vehicle Weapons Level 3  
  174  11:32  Ghost  
  178  11:34  Hellion x5  
  178  11:39  Ghost, Raven  
  180  11:46  Smart Servos  
  184  11:50  Ghost  
  184  11:51  Terran Vehicle And Ship Armor Level 3, Factory  
  186  11:55  Factory  
  186  11:58  Ghost  
  186  12:01  Ghost  
  188  12:04  Command Center  
  190  12:09  Thor  
  190  12:14  Thor  
  190  12:16  Hellbat x4  
  190  12:22  Medivac  
  193  12:25  Thor  
  170  12:37  Hellbat x2  
  170  12:38  Hellbat x2  
  169  12:46  Orbital Command  
  164  12:52  Thor, Medivac  
  164  12:57  Thor  
  164  12:58  Ghost x2  
  178  12:59  Hellbat  
  169  13:10  Thor  
  164  13:16  Ghost  
  164  13:17  Hellbat x3, Ghost  
  168  13:25  Hellbat  
  164  13:29  Ghost  
  154  13:35  Thor  
  154  13:38  Hellbat x2  
  154  13:40  Hellion, Siege Tank  
  167  13:46  Hellion  
  140  13:57  Ghost  
  140  14:02  Orbital Command, Siege Tank  
  137  14:05  Missile Turret  
  137  14:12  Siege Tank  
  140  14:20  Orbital Command  
  140  14:21  SCV x2  
  140  14:22  Siege Tank  
  145  14:28  Orbital Command  
  125  14:34  Siege Tank  
  114  14:39  Hellion  
  114  14:44  Siege Tank  
  108  14:45  Hellion  
  108  14:46  Hellion x4  
  108  14:47  SCV x3  
  108  14:52  SCV  
  118  14:54  Siege Tank  
  118  14:58  SCV  
  118  14:59  SCV x3  
  125  15:04  SCV  
  125  15:06  Hellbat, Siege Tank  
  131  15:10  SCV  
  131  15:13  Refinery, Medivac  
  134  15:18  Siege Tank  
  134  15:19  Refinery  
  131  15:31  Hellion, Siege Tank  
  112  15:38  Siege Tank  
  112  15:40  SCV  
  112  15:42  Hellion x4  
  112  15:44  Viking  
  114  15:50  Siege Tank  
  114  15:51  SCV x2  
  114  15:56  SCV  
  120  16:03  Siege Tank  
  123  16:11  Siege Tank  
  123  16:12  Hellion x5  
  123  16:13  Hellion  
  123  16:14  Viking  
  123  16:18  Ghost  
  140  16:22  Siege Tank  
  116  16:33  Hellbat x2  
  101  16:41  Hellion, Siege Tank  
  101  16:43  Siege Tank  
  101  16:46  Hellion x2  
  111  16:47  Hellbat  
  111  16:54  Siege Tank  
  111  16:55  Hellbat x2  
  111  16:56  SCV x3  
  121  17:06  SCV  
  121  17:08  SCV x3  
  123  17:12  Ghost  
  123  17:13  Siege Tank  
  130  17:16  Siege Tank  
  130  17:18  SCV  
  130  17:20  SCV x2, Raven  
  107  17:33  Siege Tank  
  107  17:34  SCV x3  
  107  17:36  Ghost  
  112  17:43  Hellbat x4  
  120  17:45  Orbital Command  
  120  17:50  Siege Tank  
  123  17:52  Siege Tank  
  123  17:57  Sensor Tower  
  127  17:58  SCV x3  
  129  18:05  Siege Tank  
  130  18:22  Thor  
  134  18:29  Supply Depot  
  134  18:31  Refinery  
  134  18:32  Refinery  
  134  18:36  Hellbat x3  
  134  18:38  Thor  
  134  18:40  Hellbat  
  148  18:49  Hellbat  
  148  18:51  SCV x4  
  135  19:06  Thor  
  138  19:11  SCV x3  
  137  19:22  Hellbat x2, Siege Tank x2  
  137  19:23  Hellbat x4  
  149  19:26  SCV x2  
  149  19:44  Hellbat  
  144  19:51  Hellbat, Thor  
  147  20:02  Hellbat  
  141  20:15  Hellbat x2  
  133  20:28  Ghost  
  133  20:29  Ghost  
  137  20:37  Hellion  
  139  20:44  Hellbat x3  
  139  20:49  Hellbat  
  147  20:54  Hellbat  
  127  21:13  Siege Tank x2  
  133  21:23  Siege Tank  
  134  21:29  Hellbat x2  
  134  21:30  Hellbat  
  140  21:57  Hellbat  
  101  22:10  Siege Tank x2  
  107  22:16  Medivac  
  107  22:18  Orbital Command  
  107  22:22  Hellbat  
  109  22:33  Hellbat x3  
  109  22:36  Orbital Command  
  79  23:19  Hellbat x2, Widow Mine, Siege Tank  
  69  23:20  Siege Tank  
  69  23:23  Hellbat  
  69  23:24  Hellbat  
  73  23:32  Orbital Command  
  73  23:36  Hellbat  
  75  23:44  Orbital Command  
  59  24:14  SCV  
Show
View Real Time Build Order
Export as new Build Order

Reynor Zerg - Winner!

Build Orders: Hatch First, Brood Lord Corruptor 

Get SALT Encoding   

  12  0:00  Drone  
  13  0:12  Overlord  
  13  0:17  Drone  
  14  0:30  Drone x2  
  16  0:47  Hatchery  
  15  0:51  Drone  
  15  0:55  Drone  
  17  0:58  Drone  
  18  1:09  Extractor  
  17  1:13  Spawning Pool  
  17  1:16  Drone  
  17  1:19  Drone  
  18  1:27  Drone  
  19  1:38  Drone  
  20  1:48  Overlord  
  20  2:00  Queen x2  
  20  2:01  Zergling x4  
  26  2:10  Drone x2  
  28  2:21  Drone x2  
  30  2:26  Hatchery  
  29  2:31  Drone  
  29  2:32  Drone  
  29  2:35  Metabolic Boost  
  31  2:42  Drone  
  31  2:44  Overlord  
  32  2:53  Drone x2  
  32  2:54  Queen  
  36  3:04  Drone x2, Queen  
  40  3:11  Overlord  
  41  3:12  Drone  
  41  3:13  Drone  
  41  3:15  Drone  
  43  3:22  Overlord  
  43  3:26  Drone  
  44  3:31  Drone, Queen  
  47  3:37  Drone  
  47  3:39  Drone  
  47  3:40  Queen  
  51  3:44  Queen, Zergling x2  
  51  3:48  Drone  
  55  3:50  Drone  
  55  3:53  Overlord  
  55  3:57  Drone  
  55  4:00  Drone  
  57  4:03  Zergling x6  
  57  4:04  Overlord  
  60  4:10  Overlord  
  60  4:11  Queen  
  60  4:14  Drone x2  
  60  4:16  Overlord  
  60  4:17  Zergling x2  
  65  4:22  Overlord  
  65  4:26  Drone x2  
  65  4:27  Drone  
  68  4:31  Lair  
  68  4:34  Drone x2, Queen  
  68  4:37  Overlord  
  72  4:44  Drone  
  72  4:45  Drone  
  74  4:47  Overlord  
  74  4:49  Roach Warren, Extractor  
  74  4:51  Queen  
  74  4:52  Drone x2  
  76  4:54  Drone  
  76  4:55  Drone  
  78  5:01  Overlord  
  78  5:02  Drone  
  78  5:05  Spore Crawler  
  78  5:11  Queen  
  78  5:17  Drone x2  
  78  5:18  Drone  
  78  5:19  Spore Crawler  
  78  5:20  Spore Crawler  
  79  5:25  Drone x3  
  79  5:27  Extractor  
  81  5:29  Roach x5  
  81  5:30  Overlord  
  81  5:33  Roach  
  81  5:34  Roach x2  
  97  5:36  Drone  
  97  5:38  Spore Crawler x2  
  97  5:40  Drone  
  97  5:42  Drone  
  96  5:44  Drone  
  96  5:52  Drone x3  
  96  5:53  Drone x2  
  100  5:58  Drone, Extractor  
  100  6:02  Overlord  
  100  6:04  Drone x3  
  103  6:06  Drone x2  
  103  6:07  Drone x2  
  107  6:11  Drone  
  107  6:12  Extractor x2  
  107  6:14  Drone x2  
  108  6:23  Evolution Chamber  
  107  6:26  Drone x3  
  107  6:31  Drone x2  
  107  6:34  Hatchery, Drone x2  
  107  6:35  Drone  
  107  6:36  Drone  
  107  6:38  Drone x2, Queen  
  107  6:41  Drone x4  
  107  6:42  Drone  
  111  6:50  Drone, Overlord  
  111  6:54  Drone  
  111  6:57  Queen  
  111  6:58  Drone  
  111  6:59  Spire  
  111  7:00  Overlord  
  113  7:06  Zerg Missile Weapons Level 1, Glial Reconstitution  
  112  7:09  Drone x3  
  115  7:23  Overlord  
  114  7:34  Drone x6  
  119  7:37  Overlord  
  119  7:42  Overlord  
  119  7:50  Drone x3  
  122  7:54  Extractor  
  122  7:56  Extractor  
  118  8:00  Drone x6  
  118  8:04  Drone x5  
  116  8:12  Corruptor x6  
  116  8:19  Corruptor x3  
  132  8:22  Drone x3  
  132  8:24  Corruptor  
  132  8:26  Drone x6  
  143  8:29  Infestation Pit  
  143  8:32  Overlord  
  141  8:40  Roach x2  
  141  8:41  Roach  
  147  8:44  Roach x2  
  147  8:46  Roach x2  
  155  8:53  Drone x2  
  157  8:58  Drone  
  157  8:59  Roach x7  
  172  9:02  Overlord  
  172  9:07  Hatchery  
  172  9:09  Hive  
  171  9:12  Ravager x4  
  173  9:23  Corruptor x2  
  173  9:27  Zerg Missile Weapons Level 2  
  173  9:29  Evolution Chamber  
  176  9:37  Hatchery  
  175  9:40  Drone x5  
  180  9:55  Corruptor x2  
  180  9:58  Corruptor  
  180  9:59  Overlord  
  180  10:01  Overlord  
  180  10:11  Overlord  
  180  10:12  Zerg Melee Weapons Level 1, Extractor  
  180  10:13  Extractor  
  178  10:17  Drone x3, Baneling Nest  
  180  10:22  Greater Spire  
  180  10:37  Corruptor x3  
  186  10:55  Spore Crawler  
  185  11:00  Centrifugal Hooks  
  183  11:22  Corruptor x4  
  181  11:26  Drone x2  
  181  11:28  Drone  
  182  11:34  Brood Lord x9  
  194  11:53  Drone x3  
  197  11:54  Zerg Missile Weapons Level 3  
  197  12:01  Drone x3  
  192  12:26  Zergling x8  
  192  12:27  Zergling x14  
  191  12:34  Roach x2  
  191  12:35  Roach x3  
  190  12:38  Zergling x20  
  200  12:51  Zerg Melee Weapons Level 2  
  183  13:01  Roach x2  
  183  13:02  Zergling x18  
  183  13:05  Roach x4  
  197  13:09  Zergling x28  
  191  13:14  Roach x4  
  191  13:15  Zergling x14  
  191  13:18  Roach  
  200  13:26  Ravager x2  
  200  13:27  Ravager x2  
  198  13:38  Zergling x18  
  195  13:45  Adrenal Glands  
  177  13:49  Roach x2, Zergling x2  
  177  13:50  Zergling x30  
  177  13:51  Drone, Queen  
  177  13:52  Zergling x2  
  177  13:55  Zergling x8  
  196  13:59  Drone x3  
  199  14:04  Baneling x30  
  198  14:17  Ravager  
  198  14:23  Baneling x9  
  197  14:31  Roach x2, Zergling x40  
  178  14:32  Zergling x2  
  178  14:35  Roach  
  178  14:37  Zergling x6  
  167  14:42  Roach  
  167  14:43  Roach x2, Zergling x4  
  167  14:45  Hatchery, Roach  
  161  14:47  Roach, Zergling x2  
  161  14:48  Zergling x2  
  161  14:50  Roach, Zergling x2  
  161  14:51  Zergling x2  
  169  14:55  Roach  
  172  15:00  Baneling, Ravager x4  
  172  15:01  Baneling x13  
  172  15:03  Viper, Ravager x2  
  172  15:04  Roach x3  
  186  15:08  Ravager x2  
  186  15:09  Baneling x7, Ravager  
  186  15:10  Drone x4  
  186  15:11  Drone x2  
  195  15:15  Brood Lord x2  
  195  15:18  Zerg Melee Weapons Level 3, Zerg Ground Armor Level 1  
  156  15:36  Roach, Zergling x32  
  156  15:39  Roach, Zergling x24  
  172  15:44  Zergling x6  
  172  15:48  Zergling x6  
  178  15:51  Zergling x6  
  178  15:55  Ravager x4  
  185  15:58  Baneling  
  185  15:59  Baneling x9  
  185  16:01  Brood Lord  
  185  16:03  Baneling  
  185  16:04  Baneling x8  
  187  16:06  Roach x4, Zergling x10  
  178  16:26  Roach, Zergling x20  
  178  16:28  Zergling x8  
  178  16:31  Zergling x14  
  186  16:33  Zergling x2  
  186  16:36  Roach, Zergling x2  
  186  16:38  Zergling x4  
  176  16:40  Roach, Zergling x2  
  176  16:41  Zergling x2  
  176  16:42  Zergling x6  
  176  16:44  Roach x3  
  176  16:46  Roach x2  
  166  16:48  Roach x2  
  166  16:50  Baneling x10  
  166  16:51  Roach x5  
  180  16:55  Roach  
  180  16:57  Ravager x3  
  180  16:58  Roach  
  180  16:59  Queen  
  180  17:00  Roach x4  
  180  17:01  Roach  
  199  17:02  Baneling x14  
  199  17:03  Baneling x4  
  194  17:11  Ravager x4  
  194  17:12  Zergling x4  
  194  17:13  Overseer x2  
  189  17:27  Zergling x2  
  189  17:28  Zergling x46  
  167  17:32  Roach  
  167  17:35  Roach x2, Zergling x2  
  166  17:37  Zergling x2  
  166  17:38  Ravager x5  
  166  17:39  Ravager x3  
  166  17:41  Zergling x8  
  179  17:45  Zergling x12  
  179  17:46  Zergling x2  
  179  17:47  Zergling x8  
  179  17:48  Zergling x2  
  179  17:51  Ravager x2  
  193  17:52  Baneling x22  
  193  17:53  Hatchery  
  193  17:54  Drone x2  
  193  17:55  Drone  
  193  17:58  Extractor  
  194  18:02  Ravager x3  
  194  18:04  Roach, Zergling x2  
  200  18:11  Zerg Ground Armor Level 2  
  187  18:21  Zergling x28  
  198  18:42  Zergling x4  
  198  18:44  Baneling x11  
  170  18:57  Zergling x2  
  170  18:58  Zergling x52  
  170  19:01  Infestor  
  189  19:03  Roach x2, Zergling x4  
  189  19:07  Queen  
  189  19:09  Zergling x6  
  175  19:18  Zergling x30  
  187  19:26  Ravager x2  
  187  19:27  Roach x2, Zergling x2  
  187  19:28  Zergling x8  
  198  19:34  Zergling x2  
  197  19:40  Zergling x12  
  197  19:41  Zergling x24  
  197  19:43  Roach x2, Zergling x2  
  196  19:47  Zergling x4  
  196  19:48  Zergling x6  
  196  19:51  Baneling x12  
  196  19:52  Baneling x6, Ravager  
  196  19:53  Ravager  
  196  19:54  Zergling x2  
  196  19:55  Zergling x4  
  196  20:03  Burrow  
  196  20:06  Baneling x6  
  195  20:07  Roach x2  
  195  20:13  Zergling x18  
  199  20:14  Overseer  
  199  20:20  Zergling x18  
  169  20:23  Roach x3, Zergling x14  
  169  20:25  Overseer  
  169  20:27  Zergling x8  
  180  20:29  Drone x2  
  180  20:30  Zergling x4  
  180  20:31  Zergling x2  
  180  20:32  Zergling x4  
  180  20:33  Overseer, Zergling x2  
  180  20:34  Overseer  
  176  20:37  Roach x4, Zergling x10  
  176  20:39  Roach x3  
  176  20:40  Ravager x3  
  176  20:41  Baneling x11  
  176  20:42  Zergling x6  
  198  20:49  Drone  
  199  20:51  Zergling x2  
  196  21:07  Zergling x4  
  196  21:08  Zergling x38  
  196  21:09  Roach x2, Zergling x16  
  178  21:12  Drone, Roach  
  178  21:16  Zergling x2  
  181  21:19  Zergling x10  
  181  21:22  Zergling x4  
  188  21:27  Baneling x20  
  188  21:28  Baneling x5  
  188  21:29  Ravager x3  
  188  21:30  Ravager x4  
  195  21:33  Baneling x7  
  195  21:34  Roach x2  
  195  21:36  Baneling x2  
  195  21:37  Overseer  
  198  21:45  Zergling x12  
  189  22:00  Roach, Zergling x36  
  165  22:03  Zergling x4  
  165  22:06  Pneumatized Carapace  
  165  22:07  Roach x3, Zergling x2  
  149  22:12  Roach x2  
  152  22:16  Baneling  
  152  22:17  Baneling x7  
  152  22:18  Roach x3  
  155  22:24  Roach x3  
  155  22:28  Overlord  
  155  22:29  Overlord x2  
  159  22:30  Overseer x4, Overlord  
  159  22:31  Baneling x7  
  159  22:32  Baneling x6  
  141  22:45  Zergling x16  
  141  22:49  Extractor x2  
  141  22:50  Zergling x8  
  141  22:51  Zergling x4  
  150  22:55  Zergling x4  
  151  23:00  Zergling x2  
  151  23:04  Zergling x4  
  154  23:07  Zergling x2  
  154  23:08  Zergling x4  
  154  23:10  Roach, Zergling x4  
  154  23:12  Zergling x4  
  153  23:19  Roach x2  
  125  23:22  Queen  
  125  23:25  Roach x2, Zergling x2  
  131  23:35  Roach  
  131  23:37  Overlord  
  131  23:38  Overlord  
  133  23:44  Zergling x12  
  124  23:56  Roach x4, Zergling x4  
  124  23:59  Hatchery  
  124  24:00  Zergling x2  
  124  24:02  Infestor  
  132  24:04  Zergling x6  
  132  24:06  Baneling  
  132  24:07  Baneling x11, Zergling x4  
  134  24:11  Zergling x2  
  134  24:16  Ravager  
  133  24:19  Zergling x4  
  133  24:28  Zergling x4  

Tags
 
Add a new tag
Caveats
  • Supply blocks, unpowered buildings, or Contaminate may cause inaccurate times.
  • Supply counts are checked every 10 seconds.